 Dungeon Crawl Stone Soup version 0.28.0-45-g0d030f2227 (webtiles) character file.

Game seed: 7815643273978788837

8241 protoss039 the Thaumaturge (level 11, -9/71 HPs)
             Began as a Gargoyle Earth Elementalist on May 9, 2022.
             Was a Priest of Vehumet.
             Mangled by a two-headed ogre
             ... wielding a +0 giant club
              (20 damage)
             ... on level 10 of the Dungeon.
             The game lasted 00:18:47 (12674 turns).

protoss039 the Thaumaturge (GrEE)                  Turns: 12674, Time: 00:18:49

Health: -9/71      AC: 16    Str: 13    XL:     11   Next: 27%
Magic:  21/25      EV: 10    Int: 21    God:    Vehumet [***...]
Gold:   485        SH:  0    Dex: 13    Spells: 21/30 levels left

rFire   + . .      SeeInvis .   A - staff of earth
rCold   . . .      Faith    .   (no shield)
rNeg    + . .      Spirit   .   q - +1 ring mail {rF+}
rPois   ∞          Reflect  .   z - +0 hat "Emyqic" {rElec Int+2 Dex+3}
rElec   +          Harm     .   (no cloak)
rCorr   .          Rampage  .   (no gloves)
Will    +....                   d - +0 pair of boots
Stlth   +.........              y - amulet of the acrobat
HPRegen 0.21/turn               F - ring of willpower
MPRegen 0.19/turn               (no ring)

@: no status effects
A: sickness immunity, AC +8, negative energy resistance 1, electricity
resistance, torment resistance 1, petrification resistance
a: Renounce Religion


You were on level 10 of the Dungeon.
You worshipped Vehumet.
Vehumet was most pleased with you.
You visited 2 branches of the dungeon, and saw 12 of its levels.

You collected 485 gold pieces.

Inventory:

Hand Weapons
 r - a +1 hand axe of flaming
 u - a +1 spear of venom
Missiles
 c - 126 stones
Armour
 d - a +0 pair of boots (worn)
 n - a +1 leather armour of fire resistance
 q - a +1 ring mail of fire resistance (worn)
 w - a +2 robe of cold resistance
 z - the +0 hat "Emyqic" (worn) {rElec Int+2 Dex+3}
   (You found it on level 8 of the Dungeon)

   Int:       It affects your intelligence (+2).
   Dex:       It affects your dexterity (+3).
   rElec:     It insulates you from electricity.
Magical Staves
 A - a staff of earth (weapon)
 G - a staff of cold
Jewellery
 y - an amulet of the acrobat (around neck)
 F - a ring of willpower (left hand)
Wands
 b - a wand of mindburst (3)
 v - a wand of acid (8)
Scrolls
 a - a scroll of torment {unknown}
 e - a scroll of identify
 f - 2 scrolls of amnesia
 g - a scroll of immolation {unknown}
 h - 4 scrolls of fear
 i - 2 scrolls of enchant weapon
 k - 2 scrolls of teleportation
 m - a scroll of holy word {unknown}
 p - 2 scrolls of enchant armour {unknown}
 s - a scroll of summoning {unknown}
 t - a scroll of blinking {unknown}
 B - a scroll of noise {unknown}
 C - a scroll of brand weapon {unknown}
Potions
 l - 2 potions of flight
 o - 2 potions of curing
 x - 2 potions of lignification
 D - 2 potions of ambrosia
Miscellaneous
 j - a phial of floods


   Skills:
 - Level 9.0 Fighting
 - Level 6.0 Armour
 - Level 1.5 Dodging
 - Level 2.2 Stealth
 * Level 10.2 Spellcasting
 - Level 6.0 Conjurations
 - Level 1.0 Transmutations
 - Level 9.0 Earth Magic


You had 21 spell levels left.
You knew the following spells:

 Your Spells              Type           Power      Damage    Failure   Level
a - Sandblast             Erth           100%       2d20      1%          1
b - Passwall              Tmut/Erth      39%        N/A       2%          2
c - Stone Arrow           Conj/Erth      100%       3d13      1%          3
d - Slow                  Hex            40%        N/A       13%         1
e - Scorch                Fire           20%        2d6       5%          2

Your spell library contained the following spells:

 Spells                   Type           Power      Damage    Failure   Level
 Airstrike                Air            5%         N/A       30%         4
 Frozen Ramparts          Ice            20%        1d4       11%         3
 Animate Skeleton         Necr           20%        N/A       13%         1
 Apportation              Tloc           20%        N/A       13%         1
 Summon Small Mammal      Summ           40%        N/A       13%         1
 Petrify                  Tmut/Erth      47%        N/A       16%         4
 Blink                    Tloc           20%        N/A       19%         2
 Confusing Touch          Hex            10%        N/A       36%         3
 Lesser Beckoning         Tloc           10%        N/A       36%         3
 Vampiric Draining        Necr           10%        2d6       36%         3
 Ice Form                 Ice/Tmut       12%        N/A       71%         4
 Summon Ice Beast         Ice/Summ       10%        N/A       77%         4
 Manifold Assault         Tloc           10%        N/A       98%         5
 Summon Mana Viper        Hex/Summ       10%        N/A       98%         5
 Monstrous Menagerie      Summ           5%         N/A       100%        7


Dungeon Overview and Level Annotations

Branches:
Dungeon (11/15)            Temple (1/1) D:4            Lair (0/6) D:8
    Orc (0/2) D:9

Altars:
Ashenzari
Cheibriados
Dithmenos
Elyvilon
Fedhas
Gozag
Hepliaklqana
Kikubaaqudgha
Makhleb
Nemelex Xobeh
Okawaru
Qazlal
Ru
Sif Muna
Trog
Uskayaw
Vehumet
Wu Jian
Xom
Yredelemnul
Zin
The Shining One


Innate Abilities, Weirdness & Mutations

You are immune to sickness and miasma.
Your stone body is resilient. (AC +8)
You are immune to poison.
You resist negative energy. (rN+)
You are resistant to electric shocks. (rElec)
You are resistant to unholy torment.
You are immune to petrification.


Message History

Casting: Passwall (safe; 2% risk of failure)
Confirm with . or Enter, or press ? or * to list all spells.
Aiming: Slow (safe; 13% risk of failure)
Press: ? - help, Shift-Dir - straight line, f - two-headed ogre
Aim: a two-headed ogre, wielding a +0 giant club and a +0 giant spiked club (fast, chance to affect: 31%)
The two-headed ogre seems to slow down.
Unknown command.
Casting: Slow (safe; 13% risk of failure)
Confirm with . or Enter, or press ? or * to list all spells.
Aiming: Passwall (safe; 2% risk of failure)
Press: ? - help, Dir - move target, p - two-headed ogre A rock wall.
Okay, then.
Casting: Passwall (safe; 2% risk of failure)
Confirm with . or Enter, or press ? or * to list all spells.
Aiming: Passwall (safe; 2% risk of failure)
Press: ? - help, Dir - move target, p - two-headed ogre A rock wall.
Okay, then.
Casting: Passwall (safe; 2% risk of failure)
Confirm with . or Enter, or press ? or * to list all spells.
Aiming: Passwall (safe; 2% risk of failure)
Press: ? - help, Dir - move target, p - two-headed ogre A rock wall.
Okay, then.
Casting: Passwall (safe; 2% risk of failure)
Confirm with . or Enter, or press ? or * to list all spells.
Aiming: Passwall (safe; 2% risk of failure)
Press: ? - help, Dir - move target, p - two-headed ogre A rock wall.
You feel a surge of power!
You begin to meditate on the wall.
You continue meditating on the rock. x2
The two-headed ogre hits you with a +0 giant club!
* * * LOW HITPOINT WARNING * * *
The two-headed ogre barely misses you.
You continue meditating on the rock.
The two-headed ogre hits you with a +0 giant club.
* * * LOW HITPOINT WARNING * * *
The two-headed ogre hits you with a +0 giant spiked club!!
You die...

#.......######...........#
#.......#...##...........#####
#.......'...............[[)...
####....#...##...........####.
#....#...##...........# #.
#....###############..# #.
#....# ##.## #. ######
############..# #.
#@O...........# #.
#..........Ou.# #.
#.......u.....# #.
#############.............###.
#.............)............##.
#........[....[...(.....)..##.
#.............#########....##.
#..........)..# #....##.
#........)....# #...).#.


You could see a red ugly thing (wandering) and a two-headed ogre (fast, slow).

Vanquished Creatures
  A two-headed ogre (D:11)
  Nergalle (D:10)
  Psyche (D:8)
  Maggie (D:6)
  A kobold demonologist (D:8)
  3 meliai (D:9)
  A troll (D:10)
  Grinder (D:3)
  A vampire (D:10)
  2 wyverns (D:9)
  A wraith (D:10)
  2 steam dragons (D:6)
  3 vampire mosquitoes (D:10)
  A water moccasin (D:7)
  2 orc warriors
  A black bear (D:7)
  2 ice beasts
  5 ogres
  5 centaurs
  A phantom (D:7)
  Blork the orc (D:6)
  2 bullfrogs (D:7)
  A scorpion (D:6)
  A water moccasin skeleton (D:4)
  12 killer bees
  5 wights (D:6)
  3 howler monkeys
  5 centaur zombies
  6 hounds
  A jelly (D:4)
  A bullfrog skeleton (D:5)
  2 gnoll shamans
  5 orc priests
  Jessica (D:3)
  2 iguanas
  9 orc wizards
  2 hound skeletons
  9 gnolls
  4 adders
  2 shadow imps
  3 white imps
  2 ufetubi
  35 orcs
  4 bats
  3 endoplasms
  5 giant cockroaches
  4 hobgoblins
  2 jackals (D:1)
  7 kobolds
  3 quokkas
  2 ball pythons (D:3)
  A frilled lizard (D:1)
  A goblin (D:2)
182 creatures vanquished.

Vanquished Creatures (others)
  34 plants
34 creatures vanquished.

Grand Total: 216 creatures vanquished

Notes
Turn   | Place    | Note
-------+----------+-------------------------------------------
     0 | D:1      | protoss039 the Gargoyle Earth Elementalist began the quest
                  | for the Orb.
     0 | D:1      | Reached XP level 1. HP: 10/10 MP: 3/3
   251 | D:1      | Found a faded altar of an unknown god.
   503 | D:1      | Reached skill level 1 in Transmutations
   524 | D:1      | Reached XP level 2. HP: 12/16 MP: 5/5
   631 | D:1      | Reached skill level 1 in Fighting
   990 | D:1      | Learned a level 2 spell: Passwall
  1250 | D:2      | Reached XP level 3. HP: 21/21 MP: 6/6
  1347 | D:2      | Learned a level 3 spell: Stone Arrow
  2226 | D:3      | Noticed Jessica
  2228 | D:3      | Killed Jessica
  2229 | D:3      | Reached skill level 1 in Conjurations
  2229 | D:3      | Reached XP level 4. HP: 27/27 MP: 5/7
  2312 | D:3      | Noticed Grinder
  2588 | D:3      | Learned a level 1 spell: Slow
  3037 | D:3      | Paralysed by Grinder for 7 turns
  3051 | D:3      | Killed Grinder
  3052 | D:3      | Reached skill level 3 in Spellcasting
  3052 | D:3      | Reached skill level 5 in Earth Magic
  3052 | D:3      | Reached XP level 5. HP: 4/32 MP: 0/10
  3052 | D:3      | Reached XP level 6. HP: 5/37 MP: 0/11
  3484 | D:4      | Reached XP level 7. HP: 11/41 MP: 6/12
  3931 | D:4      | Found a staircase to the Ecumenical Temple.
  3945 | Temple   | Entered the Ecumenical Temple
  4028 | Temple   | Became a worshipper of Vehumet
  4119 | D:4      | Reached skill level 4 in Spellcasting
  4352 | D:4      | Found an ancient bone altar of Kikubaaqudgha.
  4357 | D:4      | Found an ornate altar of the Wu Jian Council.
  4732 | D:4      | Found a glowing golden altar of the Shining One.
  4939 | D:4      | Reached skill level 1 in Armour
  5272 | D:5      | Entered Level 5 of the Dungeon
  5438 | D:5      | Reached XP level 8. HP: 47/48 MP: 4/14
  5558 | D:5      | Reached * piety under Vehumet
  5558 | D:5      | Offered knowledge of Magic Dart by Vehumet.
  6068 | D:5      | Found an iron altar of Okawaru.
  6313 | D:6      | Reached skill level 5 in Fighting
  6460 | D:6      | Reached skill level 5 in Conjurations
  6467 | D:6      | Noticed Blork the orc
  6473 | D:6      | Killed Blork the orc
  6474 | D:6      | Reached skill level 5 in Spellcasting
  6590 | D:6      | Reached XP level 9. HP: 10/55 MP: 0/17
  6592 | D:6      | Noticed Maggie
  7170 | D:6      | Killed Maggie
  7547 | D:6      | Reached ** piety under Vehumet
  7547 | D:6      | Offered knowledge of Scorch by Vehumet.
  7558 | D:6      | Reached skill level 6 in Spellcasting
  7685 | D:6      | Learned a level 2 spell: Scorch
  8741 | D:7      | Reached XP level 10. HP: 63/63 MP: 13/20
  9024 | D:7      | Reached skill level 5 in Armour
  9187 | D:8      | Noticed Psyche
  9194 | D:8      | Killed Psyche
  9322 | D:8      | Found a broken altar of Ashenzari.
  9387 | D:8      | Found a staircase to the Lair.
  9428 | D:8      | Reached skill level 7 in Spellcasting
  9519 | D:8      | Noticed a kobold demonologist
  9522 | D:8      | Killed a kobold demonologist
  9746 | D:8      | Offered knowledge of Ignite Poison by Vehumet.
  9876 | D:8      | Reached *** piety under Vehumet
 10177 | D:8      | Identified the +0 hat "Emyqic" {rElec Int+2 Dex+3}
 10806 | D:9      | Found a hide-covered altar of Uskayaw.
 10932 | D:9      | Found a sparkling altar of Nemelex Xobeh.
 11002 | D:9      | Found a staircase to the Orcish Mines.
 11126 | D:9      | Reached skill level 8 in Spellcasting
 11587 | D:10     | Entered Level 10 of the Dungeon
 11670 | D:10     | Noticed Nergalle
 11679 | D:10     | Killed Nergalle
 11877 | D:10     | Reached skill level 9 in Spellcasting
 11877 | D:10     | Reached XP level 11. HP: 71/71 MP: 12/24
 12084 | D:10     | Offered knowledge of Airstrike by Vehumet.
 12641 | D:11     | Noticed an ogre mage
 12641 | D:11     | Noticed a two-headed ogre
 12641 | D:11     | Noticed a two-headed ogre
 12641 | D:11     | Noticed a two-headed ogre
 12641 | D:11     | Noticed a two-headed ogre
 12644 | D:11     | Noticed a red ugly thing
 12656 | D:11     | Killed a two-headed ogre
 12657 | D:11     | Reached skill level 10 in Spellcasting
 12674 | D:10     | Mangled by a two-headed ogre

Illustrated notes

Levels and vault maps discovered:
D:1:      minmay_arrival_open_corners, layout_basic, basic_ecumenical_altar,
          dk_noncrumbling_4, columned_hall_lemuel, minmay_misc_feat_doors
D:2:      layout_loops_corners, minmay_misc_feat_diagonals
D:3:      layout_basic, kennysheep_crisscross, kennysheep_cluttered_room,
          uniq_jessica, uniq_grinder
D:4:      layout_loops_ring, tso_oasis_becter, mainiacjoe_overflow_big_doors,
          minmay_temple_entry_junction_2, minmay_door_square
D:5:      layout_cave_pools, mainiacjoe_overflow_catwalk, serial_bayou_lagoon_a
D:6:      cheibrodos_steamvent, layout_basic, uniq_maggie, uniq_blork_the_orc
D:7:      layout_gridville, st_stairs_1
D:8:      minmay_weird_star, layout_loops_ring, mainiacjoe_overflow_paths,
          uniq_psyche
D:9:      hellmonk_ruined_rings, layout_stronghold, nemelex_spade_bored_becter,
          mainiacjoe_overflow_24_doors, orc_0_dummy
D:10:     layout_basic, uniq_nergalle
D:11:     layout_grid_maze, kennysheep_flooded_box, nicolae_benzene_ring,
          nicolae_uskayaw_dance_studio
Temple:   eino_wide_crystal_templ

Skill      XL: |  1  2  3  4  5  6  7  8  9 10 11 |
---------------+----------------------------------+-----
Transmutations | 1 |  1.0
Fighting       | 1 2 3 4 6 7 9 |  9.0
Earth Magic    | 4 5 6 7 8 9 |  9.0
Conjurations   | 1 2 3 4 5 6 |  6.0
Spellcasting   | 3 4 5 6 9 10 | 10.2
Armour         | 1 3 4 6 |  6.0
Dodging        | |  1.5
Stealth        | |  2.2

Action                   |  1- 3 |  4- 6 |  7- 9 | 10-12 || total
-------------------------+-------+-------+-------+-------++-------
Melee: Short sword       |    65 |     8 |     2 |       ||    75
       Unarmed           |     8 |       |       |       ||     8
       Punch             |     1 |       |     1 |       ||     2
       Whip              |       |       |    61 |       ||    61
       Hand axe          |       |       |    32 |     8 ||    40
 Cast: Sandblast         |    16 |    25 |    81 |    46 ||   168
       Stone Arrow       |       |     3 |    76 |    84 ||   163
       Slow              |       |       |     5 |     1 ||     6
       Passwall          |       |       |       |     8 ||     8
Evoke: Wand              |       |       |     1 |     1 ||     2
  Use: Scroll            |       |     2 |     1 |     9 ||    12
       Potion            |       |     1 |       |     1 ||     2
 Stab: Sleeping          |     3 |     1 |     2 |       ||     6
Armor: Robe              |    22 |     7 |     2 |       ||    31
       Leather armour    |       |       |    87 |     9 ||    96
       Ring mail         |       |       |       |    18 ||    18
Dodge: Dodged            |    73 |     7 |   100 |    37 ||   217
